 Dungeon Crawl Stone Soup version 0.31-a0-971-g75a2e9a4b4 (webtiles) character file.

Game seed: 917448081150402602

354 Azuregosa the Covert (level 6, 0/42 HPs)
             Began as an Octopode Delver on Oct 28, 2023.
             Was a Believer of Vehumet.
             Slain by Pikel
             ... wielding a +0 whip of flaming
              (12 damage)
             ... on level 4 of the Dungeon.
             The game lasted 00:09:58 (2367 turns).

Azuregosa the Covert (Octopode Delver)              Turns: 2367, Time: 00:09:59

Health: 0/42       AC:  1    Str: 11    XL:     6   Next: 62%
Magic:  8/8        EV: 12    Int: 14    God:    Vehumet [**....]
Gold:   172        SH:  6    Dex: 14    Spells: 4/8 levels left

rFire   . . .        i - +1 dagger (drain)
rCold   . . .        w - +2 buckler
rNeg    . . .        (helmet restricted)
rPois   .            (no amulet)
rElec   .            (no ring)
rCorr   .            (no ring)
SInv    .            (no ring)
Will    .....        (no ring)
Stlth   +++++        (no ring)
HPRegen 0.27/turn    (no ring)
MPRegen 0.11/turn    (no ring)
                     (no ring)

%: no passive effects
@: no status effects
A: almost no armour, amphibious, 8 rings, camouflage 1, gelatinous body 1,
(nimble swimmer 1), tentacles
a: Renounce Religion


You were on level 4 of the Dungeon.
You worshipped Vehumet.
Vehumet was pleased with you.
You visited 2 branches of the dungeon, and saw 6 of its levels.

You collected 172 gold pieces.

Inventory:

Hand Weapons
 a - a +0 short sword
 i - a +1 dagger of draining (weapon)
Missiles
 j - 38 stones
 l - 6 poisoned darts
Armour
 w - a +2 buckler (worn)
Jewellery
 q - a ring of protection from cold
Wands
 f - a wand of digging (3)
 g - a wand of light (6)
Scrolls
 b - a scroll of fog
 c - 7 scrolls of noise {unknown}
 d - a scroll of fear
 h - a scroll of blinking {unknown}
 m - a scroll of brand weapon {unknown}
 n - a scroll of amnesia {unknown}
 p - 2 scrolls of teleportation {unknown}
 r - a scroll of vulnerability {unknown}
 u - a scroll of acquirement {unknown}
 v - 2 scrolls of identify {unknown}
Potions
 e - 2 potions of haste
 k - a potion of lignification {unknown}
 o - a potion of enlightenment {unknown}
 s - a potion of degeneration {unknown}
 t - 2 potions of curing {unknown}


   Skills:
 - Level 3.0 Fighting
 - Level 2.0 Short Blades
 - Level 2.0 Dodging
 - Level 10.0 Stealth
 + Level 1.8 Shields
 - Level 1.8 Spellcasting
 - Level 2.0 Air Magic


You had 4 spell levels left.
You knew the following spells:

 Your Spells              Type           Power      Damage    Failure   Level
a - Shock                 Conj/Air       16%        1d4       24%         1
b - Swiftness             Air            7%         N/A       41%         3

Your spell library contained the following spells:

 Spells                   Type           Power      Damage    Failure   Level
 Momentum Strike          Conj/Tloc      2%         3d8       47%         2
 Call Canine Familiar     Summ           1%         N/A       71%         3
 Sigil of Binding         Hex            1%         N/A       71%         3
 Airstrike                Air            3%         2d(1-17)  83%         4
 Dimensional Bullseye     Hex/Tloc       0%         N/A       98%         4
 Leda's Liquefaction      Hex/Erth       0%         N/A       98%         4


Dungeon Overview and Level Annotations

Branches:
Dungeon (5/15)             Temple (1/1) D:5

Altars:
Ashenzari
Dithmenos
Elyvilon
Fedhas
Kikubaaqudgha
Makhleb
Okawaru
Qazlal
Ru
Trog
Vehumet
Xom
Yredelemnul
Zin

Shops:
D:1 =

Annotations:
D:4 Ijyb, Pikel
D:5 Prince Ribbit


Innate Abilities, Weirdness & Mutations

You cannot wear most types of armour.
You are amphibious.
You can wear up to eight rings at the same time.
Your skin changes colour to match your surroundings (Stealth+).
Your rubbery body absorbs attacks. (AC +1, EV +1)
((You are camouflaged when in or above water. (Stealth+)))
You have tentacles for arms and can constrict up to eight enemies at once.


Message History

There is an escape hatch in the ceiling here.
Found 10 gold pieces.
You now have 162 gold pieces (gained 20).
You now have 172 gold pieces (gained 10).
An endoplasm comes into view.
The helpless endoplasm fails to defend itself.
You skewer the endoplasm like a kebab!!!
You kill the endoplasm!
Vehumet accepts your kill.
You enter the deep water.
Found a white marble altar of Elyvilon.
You enter the shallow water.
j - 35 stones (gained 4)
You enter the deep water.
A kobold comes into view. It is wielding a +0 short sword.
You barely miss the kobold. You grab the kobold. You constrict the kobold.
The kobold barely misses you.
You hit the kobold.
You kill the kobold!
Vehumet accepts your kill.
j - 38 stones (gained 3)
You see here a +0 short sword.
Found a ring mail.
A lemure comes into view.
Pikel and a lemure come into view.
Pikel is wielding a +0 whip of flaming.
A lemure comes into view.
A lemure comes into view.
Pikel shouts!
Pikel hits you with a +0 whip of flaming!
Pikel burns you.
You closely miss Pikel. You grab Pikel. You constrict Pikel, but do no damage.
Pikel hits you with a +0 whip of flaming!
Pikel burns you.
* * * LOW HITPOINT WARNING * * *
You hit Pikel but do no damage. You drain Pikel. You squeeze Pikel!
Pikel is moderately wounded.
You constrict Pikel.
Pikel hits you with a +0 whip of flaming!
You die...
Pikel says, "Another soul for the market."

~~_~~...♣ #.......##.)##
##...#.. ≈≈~≈≈..♣♣
#........#...# ....#.<
.≈~≈...♣ #....#.......##
...# . ......♣♣
#....#...###...# #....
.....♣♣ #........#
#.....###.. ♣...♣♣
#........#....##.. .....♣♣
#.............. . ......♣♣
#..#.....#. .... .≈~≈...♣
#.##..@.####. ... ≈≈~≈≈..#
#.#..K####.. ... ~~♣~~..#
#.#...###.# .... ≈≈~≈≈..#
#.#....#..#.....
.≈~≈...####.#..[....K.....
......##....##........5...
.....##..#####.........5..
##....).## ##.........5.
######## #....##...5.#


You could see Pikel (drained).

Vanquished Creatures
  2 scorpions
  3 hounds (D:4)
  An orc wizard (D:3)
  4 adders
  2 dart slugs (D:3)
  7 orcs
  8 bats
  6 endoplasms
  A giant cockroach (D:3)
  7 goblins
  10 hobgoblins
  A jackal (D:3)
  A quokka (D:2)
  9 ball pythons
  6 frilled lizards
  2 kobolds
  6 rats
76 creatures vanquished.

Notes
Turn   | Place    | Note
-------+----------+-------------------------------------------
     0 | D:5      | Azuregosa the Octopode Delver began the quest for the Orb.
     0 | D:5      | Reached XP level 1. HP: 16/16 MP: 1/1
    10 | D:5      | Noticed a scorpion
    12 | D:5      | Found a staircase to the Ecumenical Temple.
    23 | Temple   | Entered the Ecumenical Temple
    36 | Temple   | Became a worshipper of Vehumet
    58 | D:5      | Killed a scorpion
    59 | D:5      | Reached skill level 8 in Stealth
    59 | D:5      | Reached XP level 2. HP: 11/21 MP: 2/2
    59 | D:5      | Reached XP level 3. HP: 14/26 MP: 3/3
    60 | D:5      | Noticed Prince Ribbit
   109 | D:4      | Noticed Ijyb
   109 | D:4      | Found a stormy altar of Qazlal.
   123 | D:4      | Reached XP level 4. HP: 31/31 MP: 4/4
   142 | D:4      | Reached skill level 9 in Stealth
   162 | D:4      | Reached XP level 5. HP: 22/36 MP: 5/5
   339 | D:1      | Found Makko's Jewellery Boutique.
   621 | D:1      | Reached * piety under Vehumet
   621 | D:1      | Offered knowledge of Kiss of Death by Vehumet.
   979 | D:2      | Found a faded altar of an unknown god.
  1005 | D:2      | Reached skill level 10 in Stealth
  1097 | D:2      | Learned a level 1 spell: Shock
  1101 | D:2      | Learned a level 3 spell: Swiftness
  1704 | D:3      | Found a shadowy altar of Dithmenos.
  1770 | D:3      | Reached skill level 1 in Air Magic
  1778 | D:3      | Reached skill level 1 in Spellcasting
  1945 | D:3      | Reached XP level 6. HP: 42/42 MP: 7/7
  2051 | D:3      | Found a sacrificial altar of Ru.
  2185 | D:4      | Found a burning altar of Makhleb.
  2216 | D:4      | Reached ** piety under Vehumet
  2216 | D:4      | Offered knowledge of Momentum Strike by Vehumet.
  2263 | D:4      | Reached skill level 1 in Shields
  2310 | D:4      | Found a white marble altar of Elyvilon.
  2354 | D:4      | Noticed Pikel
  2367 | D:4      | Slain by Pikel

Illustrated notes

Levels and vault maps discovered:
D:1:      lightli_arrival_flooded_house, layout_loops_ring, serial_shops,
          shop_statue
D:2:      layout_basic, hellmonk_ecumenical_altar_crossroads, st_stairs_11
D:3:      layout_basic, nicolae_dithmenos_through_a_glass_darkly,
          nicolae_ru_great_annihilating_truth
D:4:      layout_cave_pools, elyvilon_altar_3, nicolae_overflow_crystal_walls,
          nicolae_overflow_hallway_of_the_gods, grunt_qazlal_sundering,
          minmay_distorted, uniq_pikel, uniq_ijyb
D:5:      layout_cave_pods, minmay_temple_entry_tees, uniq_prince_ribbit1
Temple:   nicolae_temple_ecumenical_triangle

Skill      XL: |  1  2  3  4  5  6 |
---------------+-------------------+-----
Stealth        | 8 9 10 | 10.0
Air Magic      | 1 2 |  2.0
Spellcasting   | 1 |  1.8
Shields        | 1 |  1.8
Fighting       | |  3.0
Short Blades   | |  2.0
Dodging        | |  2.0

Action                     |  1- 3 |  4- 6 || total
---------------------------+-------+-------++-------
  Melee: Short sword       |     9 |    20 ||    29
         Constrict         |     2 |    23 ||    25
         Tentacles         |     1 |    24 ||    25
         Dagger            |       |   106 ||   106
         Punch             |       |     1 ||     1
   Cast: Shock             |       |     2 ||     2
    Use: Scroll            |     1 |       ||     1
   Stab: Sleeping          |       |    34 ||    34
         Paralysed         |       |     1 ||     1
 Armour: Skin              |     2 |    43 ||    45
  Dodge: Dodged            |     8 |    54 ||    62
  Block: Buckler           |       |     1 ||     1

Table legend: (Time is in decaauts)
 A = Elapsed time spent in this place.
 B = Non-inter-level travel time spent in this place.
 C = Inter-level travel time spent in this place.
 D = Time resting spent in this place.
 E = Time spent auto-exploring this place.
 F = Levels seen in this place.
 G = Mean time per level.
                   A        B        C        D        E       F      G
               +--------+--------+--------+--------+--------+-----+--------+
         Total |   2352 |   2334 |     18 |    178 |   1434 |   6 |  392.0 |
       Dungeon |   2325 |   2307 |     18 |    178 |   1434 |   5 |  465.0 |
        Temple |     26 |     26 |      0 |      0 |      0 |   1 |   26.0 |
               +--------+--------+--------+--------+--------+-----+--------+

Top non-repeatable levels by time:
     D:3: 662 daAuts
     D:1: 654 daAuts
     D:2: 572 daAuts
     D:4: 354 daAuts
     D:5: 81 daAuts
  Temple: 26 daAuts
